AoeStats
← [RAT] G0rm

MegaRandom

504593922Analyzed
4v4 RM · 27d ago on Sep 5, 2026· 31m 9s· 8 players
Game mode
Random Map
Map size
Large (8 player)
Population
200
Speed
Normal
Resources
Standard
Victory
Conquest
Starting age
Dark Age
Ending age
Imperial Age
RankedLock teamsTeams togetherTeam positionsShared explorationLock speedFull tech treeHidden civsTurbo modeCheats
Victory
Defeat
🇳🇱 Mongols · Netherlands
1838
+6
🇺🇸 Wei · United States
1627
+12
🇳🇱 Mongols · Netherlands
1574
+14
🇷🇴 Italians · Romania
1505
+17
🇫🇷 Turks · France
1574
-13
🇲🇦 Mongols · Morocco
1557
-12
🇩🇪 Italians · Germany
1542
-12
🇸🇻 Hindustanis · El Salvador
1541
-12
76nateK
6:49 Loom
9:06 Feudal Age
9:46 Double-Bit Axe
12:03 Horse Collar
16:42 Scale Barding Armor
20:27 Bloodlines
23:15 Castle Age
22:37 Forging
24:16 Chain Barding Armor
25:16 Bow Saw
Samara
6:18 Loom
8:32 Feudal Age
9:10 Double-Bit Axe
12:31 Forging
13:44 Scale Barding Armor
16:39 Padded Archer Armor
18:43 Fletching
23:01 Wheelbarrow
22:42 Horse Collar
27:42 Castle Age
26:09 Gold Mining
28:29 Bodkin Arrow
AnimeEyes
7:37 Loom
10:38 Feudal Age
11:07 Double-Bit Axe
12:50 Fletching
13:42 Town Watch
17:06 Wheelbarrow
24:32 Castle Age
22:39 Gold Mining
24:04 Padded Archer Armor
24:39 Crossbowman
25:15 Bodkin Arrow
RohanAoE
6:11 Loom
8:27 Feudal Age
15:38 Scale Barding Armor
19:49 Double-Bit Axe
24:49 Castle Age
22:51 Horse Collar
23:45 Bloodlines
26:01 Scale Mail Armor
26:24 Chain Barding Armor
28:30 Husbandry
[RAT] Spencer
8:01 Loom
10:17 Feudal Age
10:47 Double-Bit Axe
13:48 Horse Collar
16:32 Fishing Lines
22:19 Castle Age
21:20 Scale Barding Armor
21:12 Gold Mining
22:06 Bloodlines
22:27 Forging
23:16 Bow Saw
25:33 Chain Barding Armor
30:07 Wheelbarrow
31:20 Stone Mining
[RAT] Havik_AoE
6:43 Loom
9:19 Feudal Age
11:12 Scale Barding Armor
11:18 Forging
21:44 Castle Age
20:50 Bloodlines
21:08 Horse Collar
21:13 Double-Bit Axe
23:14 Chain Barding Armor
28:43 Husbandry
31:59 Iron Casting
30:46 Light Cavalry
[LW] Faneth
8:55 Feudal Age
10:51 Loom
13:54 Fletching
26:22 Castle Age
27:15 Double-Bit Axe
[RAT] G0rm
6:41 Loom
8:59 Feudal Age
12:21 Fletching
18:30 Double-Bit Axe
18:45 Double-Bit Axe
19:46 Padded Archer Armor
24:16 Castle Age
23:59 Gold Mining
24:27 Crossbowman
25:25 Bodkin Arrow
28:10 Bow Saw
29:14 Ballistics
31:28 Thumb Ring
Connection lost

Rejoining the realm…

Still unreachable

The connection could not be restored.

Session expired

The server has moved on; the page needs a fresh start.